 Dungeon Crawl Stone Soup version 0.30-a0-743-gbfdf073431 (webtiles) character file.

Game seed: 16018394462134738672

156 MackTheKnife the Magician (level 5, -10/38 HPs)
             Began as a Draconian Hedge Wizard on Feb 5, 2023.
             Killed by divine providence
             ... invoked by an orc priest
              (15 damage)
             ... on level 3 of the Dungeon.
             The game lasted 00:04:59 (3973 turns).

MackTheKnife the Magician (Draconian Hedge Wizard)  Turns: 3973, Time: 00:05:00

Health: -10/38     AC:  5    Str: 12    XL:     5   Next: 14%
Magic:  13/20      EV: 12    Int: 17    God:
Gold:   135        SH:  0    Dex: 10    Spells: 6/12 levels left

rFire   . . .      SeeInvis .    i - +2 whip (venom) {mace}
rCold   . . .      Faith    .    (no shield)
rNeg    . . .      Spirit   .    (body armour unavailable)
rPois   .          Reflect  .    b - +0 hat
rElec   .          Harm     .    (no cloak)
rCorr   .          Rampage  .    (no gloves)
Will    .....                    (no boots)
Stlth   ++                       (no amulet)
HPRegen 0.26/turn                l - ring of magical power
MPRegen 0.17/turn                (no ring)

@: very slightly contaminated
A: AC +5, unfitting armour, cold-blooded
a: no special abilities


You were on level 3 of the Dungeon.
You visited 1 branch of the dungeon, and saw 3 of its levels.

You collected 135 gold pieces.


Innate Abilities, Weirdness & Mutations

Your plain brown scales are hard. (AC +5)
You cannot fit into any form of body armour.
You are cold-blooded and may be slowed by cold attacks.


   Skills:
 - Level 1.7 Dodging
 - Level 1.7 Stealth
 - Level 4.0 Spellcasting
 - Level 2.9 Conjurations
 - Level 2.5 Summonings
 - Level 1.0 Translocations
 + Level 0.5 Air Magic
 + Level 0.5 Poison Magic


You had 6 spell levels left.
You knew the following spells:

 Your Spells              Type           Power      Damage    Failure   Level
a - Magic Dart            Conj           52%        1d5       4%          1
b - Call Imp              Summ           12%        N/A       9%          2
c - Mephitic Cloud        Conj/Pois/Air  8%         N/A       26%         3

Your spell library contained the following spells:

 Spells                   Type           Power      Damage    Failure   Level
 Slow                     Hex            12%        N/A       16%         1
 Blink                    Tloc           12%        N/A       16%         2
 Cigotuvi's Dreadful Rot  Necr/Pois/Air  8%         N/A       21%         2
 Iskenderun's Battlesphe  Conj           13%        2d7       78%         5
 Fireball                 Conj/Fire      4%         3d4       94%         5
 Conjure Ball Lightning   Conj/Air       4%         3x3d6     100%        6
 Orb of Destruction       Conj           6%         9d6       100%        7

Inventory:

Hand Weapons
 i - a +2 whip of venom (weapon) {mace}
   (You took it off a kobold on level 1 of the Dungeon)
 q - a +0 rapier of distortion {!wshort}
   (You found it on level 3 of the Dungeon)
Armour
 b - a +0 hat (worn)
 t - a +0 buckler
   (You took it off a goblin on level 3 of the Dungeon)
Jewellery
 l - a ring of magical power (left hand)
   (You found it on level 2 of the Dungeon)
 r - a ring of fire
   (You took it off a kobold on level 3 of the Dungeon)
 u - a +6 ring of strength
   (You found it on level 3 of the Dungeon)
Wands
 v - a wand of flame (15)
   (You found it on level 3 of the Dungeon)
Scrolls
 a - a scroll of blinking {unknown}
 d - 2 scrolls of immolation {unknown}
 e - a scroll of fog {unknown}
 f - a scroll of poison {unknown}
 g - 2 scrolls of noise {unknown}
 j - 2 scrolls of amnesia {unknown}
 k - a scroll of vulnerability {unknown}
 m - a scroll of magic mapping {unknown}
 o - 2 scrolls of identify {unknown}
 p - 2 scrolls of teleportation {unknown}
Potions
 c - 2 potions of magic
 h - 2 potions of might {unknown}
 n - a potion of attraction {unknown}
 s - 3 potions of heal wounds {@q2}
 w - a potion of curing {unknown}

Dungeon Overview and Level Annotations

Branches:
Dungeon (3/15) Zot: 14018

Altars:
Uskayaw

#.# #..# #.# #.# #..# #.#
#.#####..###.#
#............###############
#######..###...<...........#
##########..#
#.#############.#
.......w....# #.# #.#
##########.## #.###### #.#
#.####5@....## #.#
##########>.....o..#..###
#.#
...[........8.8.8.....~~#
###
.................)...~~~#
##########........#...#~#
#.#......#..~~~#
#.#_.....#..~#~#
#.#......#.~~~~#
#............~#~#


You could see an orc priest (ally target) and a friendly crimson imp (summoned).


Message History

You see here 2 stones {throwing}.
Key pressed, stopping explore.
There is a stone staircase leading up here.
Key pressed, stopping explore.
There is a stone staircase leading up here. 😎 MP[+3]
Your mp is fully restored (20).
The magic dart hits the orc. 😎 MP[-1]
You lost 1 mp, and now have 19/20 mp.
The magic dart hits the orc.
You kill the orc!
You can't see any susceptible monsters within range! (Use Z to cast anyway.)
You can't see any susceptible monsters within range! (Use Z to cast anyway.)
You can't see any susceptible monsters within range! (Use Z to cast anyway.)
You can't see any susceptible monsters within range! (Use Z to cast anyway.)
You can't see any susceptible monsters within range! (Use Z to cast anyway.)
You can't see any susceptible monsters within range! (Use Z to cast anyway.)
You can't see any susceptible monsters within range! (Use Z to cast anyway.)
You can't see any susceptible monsters within range! (Use Z to cast anyway.)
You can't see any susceptible monsters within range! (Use Z to cast anyway.)
You can't see any susceptible monsters within range! (Use Z to cast anyway.)
You can't see any susceptible monsters within range! (Use Z to cast anyway.)
You can't see any susceptible monsters within range! (Use Z to cast anyway.)
You can't see any susceptible monsters within range! (Use Z to cast anyway.)
An orc priest is nearby!
An orc priest is nearby!
An orc priest is nearby!
An orc priest is nearby!
An orc priest is nearby!
The magic dart hits the orc priest but does no damage.
The orc priest shouts!
The magic dart hits the orc priest but does no damage. 😎 MP[-1]
You lost 1 mp, and now have 18/20 mp.
You miscast Magic Dart.
You are very lightly contaminated with residual magic.
Nothing appears to happen. 😎 MP[-1]
You lost 1 mp, and now have 17/20 mp.
The magic dart hits the orc priest.
The orc priest calls down the wrath of Beogh upon you.
Beogh smites you! 😮 HP[-16] MP[-1]
You take 16 damage, and now have 22/38 hp.
MASSIVE DAMAGE!! (PAUSE)
You lost 1 mp, and now have 16/20 mp.
You are too injured to fight recklessly!
Casting: Magic Dart (safe; 4% risk of failure)
Confirm with . or Enter, or press ? or * to list all spells.
A beastly little devil appears in a puff of flame.
The orc priest looks satisfied for a moment. 😮 MP[-2]
You lost 2 mp, and now have 14/20 mp.
Unknown command.
You are too injured to fight recklessly!
You are too injured to fight recklessly!
Casting: Call Imp (safe; 9% risk of failure)
Confirm with . or Enter, or press ? or * to list all spells.
Aiming: Magic Dart (safe; 4% risk of failure)
Press: ? - help, Shift-Dir - straight line, f/p - orc priest
Aim: an orc priest, wielding a +0 short sword and wearing a +0 scale mail (lightly wounded, ally target, 100% to hit)
The magic dart hits the orc priest but does no damage. 😮 HP[+1]
Casting: Magic Dart (safe; 4% risk of failure)
Confirm with . or Enter, or press ? or * to list all spells.
Aiming: Magic Dart (safe; 4% risk of failure)
Press: ? - help, Shift-Dir - straight line, f/p - orc priest
Aim: an orc priest, wielding a +0 short sword and wearing a +0 scale mail (lightly wounded, ally target, 100% to hit)
The magic dart hits the orc priest.
The orc priest barely misses you. 😮 MP[-1]
You lost 1 mp, and now have 13/20 mp.
Unknown command.
You barely miss the orc priest.
Your tail-slap misses the orc priest.
The orc priest mumbles some strange prayers to Beogh against you.
Pain shoots through your body!
* * * LOW HITPOINT WARNING * * *
Your crimson imp hits the orc priest.
Your magical contamination has completely faded away. 😨 HP[-6]
You take 6 damage, and now have 17/38 hp.
You closely miss the orc priest.
The orc priest mumbles some strange prayers to Beogh against you.
Beogh smites you!
* * * LOW HITPOINT WARNING * * *
Your crimson imp hits the orc priest but does no damage. 😱 HP[-12]
You take 12 damage, and now have 5/38 hp.
MASSIVE DAMAGE!! (PAUSE)
Casting: Magic Dart (safe; 4% risk of failure)
Confirm with . or Enter, or press ? or * to list all spells.
Aiming: Magic Dart (safe; 4% risk of failure)
Press: ? - help, Shift-Dir - straight line, f/p - orc priest
Aim: an orc priest, wielding a +0 short sword and wearing a +0 scale mail (moderately wounded, ally target, 100% to hit)
You miscast Magic Dart.
You are very lightly contaminated with residual magic.
Nothing appears to happen.
The orc priest mumbles some strange prayers to Beogh against you.
Beogh smites you!
You die...

Skill      XL: |  1  2  3  4 |
---------------+-------------+-----
Conjurations   | 2 |  2.9
Summonings     | 2 |  2.5
Spellcasting   | 4 |  4.0
Dodging        | |  1.7
Stealth        | |  1.7
Translocations | |  1.0
Air Magic      | |  0.5
Poison Magic   | |  0.5

Action                     |  1- 3 |  4- 6 || total
---------------------------+-------+-------++-------
  Melee: Dagger            |     6 |       ||     6
         Whip              |    21 |    19 ||    40
         Tailslap          |     1 |     2 ||     3
   Cast: Magic Dart        |    96 |    85 ||   181
         Call Imp          |     1 |     3 ||     4
 Armour: Skin              |    17 |    30 ||    47
  Dodge: Dodged            |    32 |    39 ||    71

Levels and vault maps discovered:
D:1:      giann_bridges, layout_basic, shapermc_ecumenical_altar_acropolis,
          minmay_pentomino_s2
D:2:      minmay_door_path, layout_basic
D:3:      layout_loops_ring, eat_drink_and_be_merry_uskayaw,
          lightli_sewer_entry_pipes, amcnicky_mini_corridor_feature,
          corexii_shack

Notes
Turn   | Place    | Note
-------+----------+-------------------------------------------
     0 | D:1      | MackTheKnife the Draconian Hedge Wizard began the quest for
                  | the Orb.
     0 | D:1      | Reached XP level 1. HP: 14/14 MP: 4/4
     0 | D:1      | magus.rc [v1.9.6]
   328 | D:1      | Reached XP level 2. HP: 20/20 MP: 0/6
   483 | D:1      | Learned a level 2 spell: Call Imp
   849 | D:1      | Found a faded altar of an unknown god.
  1118 | D:1      | Reached skill level 2 in Conjurations
  1296 | D:2      | Reached XP level 3. HP: 10/26 MP: 1/7
  1299 | D:2      | HP: 6/26 [poisoned by an adder]
  2375 | D:2      | Reached skill level 2 in Summonings
  2375 | D:2      | Reached XP level 4. HP: 27/33 MP: 9/9
  3194 | D:3      | Reached skill level 4 in Spellcasting
  3194 | D:3      | Found a hide-covered altar of Uskayaw.
  3210 | D:3      | HP: 7/33 [river rat (3)]
  3385 | D:3      | Reached XP level 5. HP: 38/38 MP: 11/11
  3389 | D:3      | Learned a level 3 spell: Mephitic Cloud
  3503 | D:3      | You pick up a book of the Spheres and begin reading...
  3503 | D:3      | You add the spells Iskenderun's Battlesphere, Fireball,
                  | Conjure Ball Lightning and Orb of Destruction to your
                  | library.
  3972 | D:3      | HP: 5/38 [orc priest/divine providence (13)]
  3973 | D:3      | Killed from afar by an orc priest

Vanquished Creatures
  3 gnolls (D:3)
  5 adders
  2 worms
  2 dart slugs
  2 orcs
  5 endoplasms
  2 giant cockroaches
  10 goblins
  3 hobgoblins
  4 jackals (D:2)
  4 quokkas
  6 ball pythons
  11 bats
  4 frilled lizards
  3 kobolds
  4 rats
70 creatures vanquished.

Table legend:
 A = Non-vault XP
 B = Vault XP
 C = Vault XP percentage of total XP
 D = Non-vault monster count
 E = Vault monster count
 F = Vault count percentage of total count
                 A         B        C        D         E       F
            +---------+---------+-------+---------+---------+-------
      Total |     203 |      20 |   9.0 |      65 |       5 |   7.1
            +---------+---------+-------+---------+---------+-------
        D:1 |      33 |       1 |   2.9 |      22 |       1 |   4.3
        D:2 |      75 |      18 |  19.4 |      27 |       3 |  10.0
        D:3 |      95 |       1 |   1.0 |      16 |       1 |   5.9
            +---------+---------+-------+---------+---------+-------

Illustrated notes

Table legend:
 A = Kills in this place as a percentage of kills in entire the game.
 B = Kills by you in this place as a percentage of kills by you in the entire game.
 C = Kills by friends in this place as a percentage of kills by friends in the entire game.
 D = Other kills in this place as a percentage of other kills in the entire game.
 E = Experience gained in this place as a percentage of experience gained in the entire game.
 F = Experience gained in this place divided by the number of levels of this place that you have seen.
                   A       B       C       D       E      F
               +-------+-------+-------+-------+-------+----------------------
         Total | 100.0 | 100.0 |   N/A |   N/A | 100.0 |  74.3
       Dungeon | 100.0 | 100.0 |   N/A |   N/A | 100.0 |  74.3
               +-------+-------+-------+-------+-------+----------------------

Table legend: (Time is in decaauts)
 A = Elapsed time spent in this place.
 B = Non-inter-level travel time spent in this place.
 C = Inter-level travel time spent in this place.
 D = Time resting spent in this place.
 E = Time spent auto-exploring this place.
 F = Levels seen in this place.
 G = Mean time per level.
                   A        B        C        D        E       F      G
               +--------+--------+--------+--------+--------+-----+--------+
         Total |   3980 |   3899 |     81 |    194 |   3193 |   3 | 1326.7 |
       Dungeon |   3980 |   3899 |     81 |    194 |   3193 |   3 | 1326.7 |
               +--------+--------+--------+--------+--------+-----+--------+

Top non-repeatable levels by time:
     D:2: 1779 daAuts
     D:1: 1232 daAuts
     D:3: 968 daAuts
